 Dungeon Crawl Stone Soup version 0.25-a0-1036-g6f112fb28d (webtiles) character file.

Game seed: 2846451072173378384, levelgen mode: deterministic

5623 PgLoLo the Fighter (level 10, 0/66 HPs)
             Began as a Gargoyle Fighter on May 13, 2020.
             Was a Priest of Okawaru.
             Slain by a two-headed ogre
             ... wielding a +0 giant club
              (1 damage)
             ... on level 9 of the Dungeon.
             The game lasted 00:11:38 (8018 turns).

PgLoLo the Fighter (Gargoyle Fighter)               Turns: 8018, Time: 00:11:39

Health: 0/66       AC: 24    Str: 23    XL:     10   Next: 73%
Magic:  12/12      EV:  7    Int:  9    God:    Okawaru [***...]
Gold:   599        SH: 10    Dex:  9    Spells: 9/9 levels left

rFire    . . .     SeeInvis +   a - +1 war axe (vamp)
rCold    . . .     Gourm    .   c - +0 kite shield
rNeg     + . .     Faith    .   B - +0 plate armour
rPois    ∞         Spirit   .   A - +1 helmet
rElec    +         Reflect  .   p - +0 cloak
rCorr    .         Harm     .   (no gloves)
MR       +....                  (no boots)
Stlth    ..........             y - amulet of the acrobat
HPRegen  0.21/turn              m - +3 ring of slaying
MPRegen  0.13/turn              C - ring of Dim Light {+Inv +Fly rPois MR+ SInv}

@: no status effects
A: negative energy resistance 1, electricity resistance, unbreathing,
petrification resistance, rot immunity, AC +7
a: Heroism, Renounce Religion, Evoke Invisibility, Evoke Flight


You were on level 9 of the Dungeon.
You worshipped Okawaru.
Okawaru was most pleased with you.
You were not hungry.

You visited 2 branches of the dungeon, and saw 10 of its levels.
You also visited: Ossuary.

You collected 599 gold pieces.

Inventory:

Hand Weapons
 a - a +1 vampiric war axe (weapon)
Armour
 c - a +0 kite shield (worn)
 p - a +0 cloak (worn)
 A - a +1 helmet (worn)
 B - a +0 plate armour (worn)
Jewellery
 m - a +3 ring of slaying (left hand)
 u - a cursed ring of attention {unknown}
 x - an uncursed ring of fire
 y - an amulet of the acrobat (around neck)
 C - the ring of Dim Light (right hand) {+Inv +Fly rPois MR+ SInv}
   (You found it on level 7 of the Dungeon)

   [ring of flight]

   It protects you from poison.
   It affects your resistance to hostile enchantments.
   It lets you see invisible.
   It lets you turn invisible.
   It lets you fly.
 D - the ring "Cilaefrolid" {Dex+2 SInv}
   (You found it on level 8 of the Dungeon)

   [ring of see invisible]

   It affects your dexterity (+2).
   It lets you see invisible.
Wands
 w - a wand of flame (29)
Scrolls
 b - 2 scrolls of teleportation
 e - 9 scrolls of identify
 i - a scroll of enchant armour {unknown}
 k - 3 scrolls of remove curse
 q - 3 scrolls of fog
 s - a scroll of enchant weapon {unknown}
Potions
 d - 4 potions of might
 g - a potion of haste
 h - 3 potions of stabbing
 j - 2 potions of cancellation {unknown}
 l - 2 potions of heal wounds
 n - a potion of degeneration
 o - 3 potions of curing
 r - 2 potions of magic
 t - 5 potions of mutation {unknown}
 v - 3 potions of brilliance
Comestibles
 f - 20 rations


   Skills:
 * Level 9.6 Fighting
 * Level 7.8 Axes
 + Level 7.1 Armour
 + Level 4.6 Dodging
 + Level 7.1 Shields
 * Level 3.4 Invocations


You had 9 spell levels left.
You didn't know any spells.
Your spell library contained the following spells:

 Spells                   Type           Power        Failure   Level  Hunger
 Animate Skeleton         Necr           N/A          100%        1    ##.....
 Apportation              Tloc           #.....       100%        1    ##.....
 Corona                   Hex            #......      100%        1    ##.....
 Magic Dart               Conj           #...         100%        1    ##.....
 Summon Small Mammal      Summ           #...         100%        1    ##.....
 Searing Ray              Conj           #.....       100%        2    ###....
 Dazzling Flash           Conj/Hex       #.....       100%        3    ####...
 Fulminant Prism          Conj/Hex       #.........   100%        4    #####..
 Iskenderun's Mystic Bla  Conj/Tloc      #.......     100%        4    #####..


Dungeon Overview and Level Annotations

Branches:
Dungeon (9/15)             Temple (1/1) D:5         Ossuary (visited)
   Lair: D:8-11         Orc: D:9-12

Altars:
Ashenzari
Cheibriados
Dithmenos
Elyvilon
Fedhas
Gozag
Hepliaklqana
Kikubaaqudgha
Makhleb
Nemelex Xobeh
Okawaru
Qazlal
Ru
Sif Muna
Trog
Uskayaw
Vehumet
Wu Jian
Xom
Yredelemnul
Zin
The Shining One


Innate Abilities, Weirdness & Mutations

You are resistant to torment.
Your stone body is resilient. (AC +7)
You are immune to poison.
You resist negative energy. (rN+)
You are resistant to electric shocks. (rElec)
You can survive without breathing.
You are immune to petrification.
You are immune to rotting.


Message History

The two-headed ogre hits you with a +0 giant club!
The two-headed ogre hits you with a +0 giant spiked club!
* * * LOW HITPOINT WARNING * * *
You are too injured to fight recklessly!
You are too injured to fight recklessly!
You feel much better. You block the bullfrog's attack. x2
You hit the two-headed ogre.
You feel better.
The two-headed ogre is heavily wounded.
You miss the bullfrog.
The two-headed ogre hits you with a +0 giant club.
The two-headed ogre hits you with a +0 giant spiked club.
The bullfrog hits you but does no damage.
You completely miss the two-headed ogre.
The two-headed ogre is heavily wounded.
You slash the bullfrog!
The bullfrog hits you but does no damage.
The two-headed ogre hits you with a +0 giant club!!
* * * LOW HITPOINT WARNING * * *
The two-headed ogre hits you with a +0 giant spiked club.
You die...

########...
..........
..........
.........
.......
#Z...#
#FO.# #@.#
#..# #....
.##### #


You could see a two-headed ogre, a bullfrog and a centaur zombie.

Vanquished Creatures
  Pikel (D:6)
  Maggie (D:6)
  A hornet (D:6)
  Menkaure (D:7)
  A water moccasin (D:5)
  A sky beast (D:5)
  2 ice beasts
  A black bear (D:7)
  4 orc warriors
  6 ogres
  A necrophage (D:5)
  2 phantoms
  3 centaurs
  A big kobold (D:5)
  Blork the orc (D:5)
  6 bullfrogs
  A wyvern skeleton (D:8)
  A scorpion (D:5)
  9 killer bees
  5 wights (D:7)
  2 crimson imps
  2 howler monkeys (D:5)
  2 centaur zombies
  2 quasits
  2 hounds
  2 jellies
  4 orc priests
  11 orc wizards
  A bullfrog skeleton (D:6)
  A centaur skeleton (D:7)
  Crazy Yiuf (D:2)
  Jessica (D:2)
  3 iguanas
  8 worker ants
  4 big kobold zombies (Ossuary)
  2 mummies (Ossuary)
  Robin (D:2)
  A howler monkey skeleton (D:7)
  8 gnolls
  9 adders
  A shadow imp (D:5)
  3 oozes
  An adder zombie (D:8)
  2 adder skeletons
  5 worms
  2 dart slugs (D:1)
  4 leopard geckos
  32 orcs
  2 ball pythons
  3 giant cockroaches
  3 gnoll zombies (Ossuary)
  15 goblins
  10 hobgoblins
  11 jackals
  A ball python zombie (D:5)
  6 bats
  4 frilled lizards
  2 goblin zombies (Ossuary)
  3 hobgoblin zombies (Ossuary)
  2 jackal skeletons (D:5)
  8 kobolds
  An orc zombie (Ossuary)
  4 rats
241 creatures vanquished.

Vanquished Creatures (others)
  2 slaves (D:6)
  A bullfrog skeleton (D:6)
  A worker ant (D:6)
4 creatures vanquished.

Grand Total: 245 creatures vanquished

Notes
Turn   | Place    | Note
-------+----------+-------------------------------------------
     0 | D:1      | PgLoLo the Gargoyle Fighter began the quest for the Orb.
     0 | D:1      | Reached XP level 1. HP: 14/14 MP: 1/1
   450 | D:1      | Reached XP level 2. HP: 12/19 MP: 2/2
  1265 | D:2      | Reached XP level 3. HP: 24/24 MP: 3/3
  1427 | D:2      | Noticed Jessica
  1431 | D:2      | Killed Jessica
  1431 | D:2      | Reached XP level 4. HP: 29/29 MP: 4/4
  1460 | D:2      | Reached skill level 4 in Fighting
  1613 | D:2      | Noticed Robin
  1673 | D:2      | Killed Robin
  2068 | D:2      | Found a runed translucent door.
  2069 | D:2      | Noticed Crazy Yiuf
  2075 | D:2      | Killed Crazy Yiuf
  2075 | D:2      | Reached skill level 1 in Dodging
  2075 | D:2      | Reached XP level 5. HP: 25/34 MP: 5/5
  3012 | D:3      | Found a blossoming altar of Fedhas.
  3015 | D:3      | Found an ancient bone altar of Kikubaaqudgha.
  3289 | D:4      | Reached XP level 6. HP: 39/39 MP: 6/6
  3340 | D:4      | Found a sacrificial altar of Ru.
  3601 | D:4      | Reached skill level 5 in Fighting
  3718 | D:4      | Reached XP level 7. HP: 44/44 MP: 7/7
  4024 | D:5      | Entered Level 5 of the Dungeon
  4179 | D:5      | Reached skill level 6 in Fighting
  4179 | D:5      | Reached XP level 8. HP: 51/51 MP: 8/8
  4195 | D:5      | Reached skill level 5 in Armour
  4199 | D:5      | Reached skill level 5 in Shields
  4238 | D:5      | Reached skill level 5 in Axes
  4367 | D:5      | Found a sand-covered staircase.
  4378 | Ossuary  | Entered an ossuary
  4631 | D:5      | Noticed Blork the orc
  4644 | D:5      | Killed Blork the orc
  4667 | D:5      | Found a staircase to the Ecumenical Temple.
  4732 | Temple   | Entered the Ecumenical Temple
  4790 | Temple   | Became a worshipper of Warmaster Okawaru
  4837 | D:5      | Reached skill level 7 in Fighting
  5052 | D:6      | Reached XP level 9. HP: 57/57 MP: 9/9
  5116 | D:6      | Found a glowing golden altar of the Shining One.
  5119 | D:6      | Noticed Pikel
  5128 | D:6      | Killed Pikel
  5128 | D:6      | Reached * piety under Okawaru
  5178 | D:6      | Reached skill level 8 in Fighting
  5277 | D:6      | Noticed a hornet
  5297 | D:6      | Killed a hornet
  5464 | D:6      | Noticed Maggie
  5482 | D:6      | Killed Maggie
  5664 | D:6      | Reached ** piety under Okawaru
  6105 | D:7      | Reached XP level 10. HP: 65/65 MP: 10/10
  6135 | D:7      | Found a bloodstained altar of Trog.
  6147 | D:7      | Noticed Menkaure
  6167 | D:7      | Killed Menkaure
  6417 | D:7      | Reached skill level 1 in Invocations
  6678 | D:7      | Reached skill level 9 in Fighting
  6977 | D:7      | Got a crude pewter ring
  6979 | D:7      | Identified the ring of Dim Light {+Inv +Fly rPois MR+ SInv}
                  | (You found it on level 7 of the Dungeon)
  7387 | D:8      | Found an opulent altar of Gozag.
  7399 | D:8      | Reached *** piety under Okawaru
  7416 | D:8      | Found a stormy altar of Qazlal.
  7422 | D:8      | Found a glowing silver altar of Zin.
  7636 | D:8      | Got a scintillating amber ring
  7638 | D:8      | Identified the ring "Cilaefrolid" {Dex+2 SInv} (You found
                  | it on level 8 of the Dungeon)
  8006 | D:9      | Noticed a two-headed ogre
  8018 | D:9      | HP: 1/66 [two-headed ogre/+0 giant club (19)]
  8018 | D:9      | Slain by a two-headed ogre

Illustrated notes

Levels and vault maps discovered:
D:1:      psy_arrival_basics, layout_loops_corners, serial_bayou_pond_d
D:2:      layout_rooms, uniq_jessica, uniq_robin, uniq_crazy_yiuf_cottage
D:3:      layout_basic, grunt_temple_overflow_growth_and_decay
D:4:      layout_loops_corners, first_ration, nicolae_ru_the_path_less_chosen
D:5:      layout_loops_cross, minmay_temple_entry_grid, enter_ossuary_1,
          uniq_blork_the_orc
D:6:      layout_gridville, basic_altar, uniq_maggie, uniq_pikel
D:7:      layout_basic, nicolae_overflow_crystal_walls, uniq_menkaure
D:8:      layout_rooms, minmay_overflow_temple_star_quad, minmay_misc_feat_x
D:9:      layout_layer_cave
Temple:   nicolae_temple_x_marks_the_god

Skill      XL: |  1  2  3  4  5  6  7  8  9 10 |
---------------+-------------------------------+-----
Axes           | 2 3 4 5 7 |  7.8
Fighting       | 4 5 6 7 8 9 |  9.6
Dodging        | 1 2 3 4 |  4.6
Armour         | 4 5 6 7 |  7.1
Shields        | 4 5 6 7 |  7.1
Invocations    | 3 |  3.4

Action                   |  1- 3 |  4- 6 |  7- 9 | 10-12 || total
-------------------------+-------+-------+-------+-------++-------
Melee: War axe           |    96 |   161 |   301 |   236 ||   794
  Use: Scroll            |       |       |    15 |       ||    15
       Potion            |       |       |       |     1 ||     1
  Eat: Chunk             |     1 |     8 |     9 |     6 ||    24
Armor: Scale mail        |    26 |       |       |       ||    26
       Chain mail        |    27 |   110 |    12 |       ||   149
       Plate armour      |       |       |   236 |   135 ||   371
Dodge: Dodged            |    26 |    38 |    92 |    81 ||   237
Block: Kite shield       |    53 |   111 |   174 |   133 ||   471

Table legend:
 A = Non-vault XP
 B = Vault XP
 C = Vault XP percentage of total XP
 D = Non-vault monster count
 E = Vault monster count
 F = Vault count percentage of total count
                 A         B        C        D         E       F
            +---------+---------+-------+---------+---------+-------
      Total |    6524 |    1510 |  18.8 |     207 |      35 |  14.5
            +---------+---------+-------+---------+---------+-------
        D:1 |      33 |       0 |   0.0 |      17 |       0 |   0.0
        D:2 |      52 |     116 |  69.0 |      16 |      15 |  48.4
        D:3 |     100 |       0 |   0.0 |      20 |       0 |   0.0
        D:4 |     393 |       0 |   0.0 |      22 |       0 |   0.0
        D:5 |    1196 |      90 |   7.0 |      41 |       1 |   2.4
        D:6 |    1428 |     931 |  39.5 |      23 |       2 |   8.0
        D:7 |     971 |     172 |  15.0 |      25 |       1 |   3.8
        D:8 |    2351 |       0 |   0.0 |      43 |       0 |   0.0
    Ossuary |       0 |     201 | 100.0 |       0 |      16 | 100.0
            +---------+---------+-------+---------+---------+-------
